 Dungeon Crawl Stone Soup version 0.27.1-1-g398f81649c (webtiles) character file.

Game seed: 3223466294325989355

50 FishyPogo the Cutter (level 4, -2/29 HPs)
             Began as a Kobold Berserker on Sept 5, 2021.
             Was a Follower of Trog.
             Slain by a gnoll (8 damage)
             ... on level 2 of the Dungeon.
             The game lasted 00:03:16 (1515 turns).

FishyPogo the Cutter (Kobold Berserker)             Turns: 1515, Time: 00:03:17

Health: -2/29      AC:  2    Str: 15    XL:     4   Next: 4%
Magic:  4/4        EV: 15    Int:  8    God:    Trog [*.....]
Gold:   46         SH:  0    Dex: 14    Spells: 3/3 levels left

rFire    . . .     SeeInvis .   a - +0 short sword
rCold    . . .     Faith    .   (shield restricted)
rNeg     . . .     Spirit   .   b - +0 animal skin
rPois    .         Reflect  .   (no helmet)
rElec    .         Harm     +   j - scarf {harm}
rCorr    .         Rampage  .   (no gloves)
Will     .....                  (no boots)
Stlth    +++.......             (no amulet)
HPRegen  0.09/turn              (no ring)
MPRegen  0.09/turn              (no ring)

@: on berserk cooldown, slowed, very slow
A: small, no large weapons, nightstalker 3
a: Renounce Religion, Berserk


You were on level 2 of the Dungeon.
You worshipped Trog.
Trog was aware of your devotion.
You visited 1 branch of the dungeon, and saw 2 of its levels.

You collected 46 gold pieces.

Inventory:

Hand Weapons
 a - a +0 short sword (weapon)
Missiles
 c - 20 stones
 d - 13 poisoned darts (quivered)
 n - 11 sling bullets
Armour
 b - a +0 animal skin (worn)
 j - a scarf of harm (worn)
Scrolls
 f - a scroll of blinking {unknown}
 h - a scroll of identify {unknown}
 l - a scroll of immolation {unknown}
 m - a scroll of noise {unknown}
Potions
 e - a potion of ambrosia {unknown}
 i - a potion of might {unknown}
 k - a potion of cancellation {unknown}


   Skills:
 * Level 3.9 Fighting
 + Level 5.0 Short Blades
 + Level 1.8 Armour
 + Level 2.8 Dodging
 - Level 0.9 Stealth


You had 3 spell levels left.
You didn't know any spells.
Your spell library was empty.

Dungeon Overview and Level Annotations

Branches:
Dungeon (2/15)

Altars:


Innate Abilities, Weirdness & Mutations

You are small and have problems with some larger weapons.
You are completely attuned to the shadows.


Message History

Trog accepts your kill. The gnoll closely misses you.
You puncture the gnoll!
The gnoll is almost dead.
You puncture the gnoll!
You kill the gnoll!
Trog accepts your kill.
You hit the adder.
The adder is severely wounded.
The adder bites you.
You closely miss the adder.
The adder is severely wounded.
You puncture the adder!
You kill the adder!
Trog accepts your kill.
Your Short Blades skill increases to level 5!
You have reached level 4!
A giant cockroach and a gnoll come into view.
The gnoll shouts!
Things that are here:
a +0 flail; a gnoll corpse You feel a strong urge to attack something.
You puncture the giant cockroach!
You kill the giant cockroach!
Trog accepts your kill.
A gnoll comes into view. It is wielding a +0 club.
The gnoll completely misses you.
You feel a strong urge to attack something.
You are no longer berserk.
You are exhausted.
You feel yourself slow down.
The gnoll hits you from afar with a +0 spear.
You hit the gnoll.
The gnoll is heavily wounded.
The gnoll hits you from afar with a +0 spear!
* * * LOW HITPOINT WARNING * * *
It was a potion of curing.
You feel better. The gnoll hits you with a +0 club.
* * * LOW HITPOINT WARNING * * *
The gnoll hits you from afar with a +0 spear!
You die...

###.###.# #...#.#.#
#...#.#.###.
#...........
#........... ....
####...#.#.###.###....
.......#.#...#.#.#.gg.
.......###.###.#@#....
...............))gg##
................).....
.......###.###.###..##
.......# #.#.#.# ....
.......#.#.#.#.###.###
######............. .
.....###..... ##
##..## #..#..


You could see 2 gnolls.

Vanquished Creatures
  An adder (D:2)
  2 gnolls (D:2)
  A dart slug (D:1)
  5 giant cockroaches
  A goblin (D:1)
  4 hobgoblins (D:1)
  A quokka (D:1)
  A ball python (D:1)
  A frilled lizard (D:2)
  2 kobolds (D:1)
  2 rats (D:1)
21 creatures vanquished.

Notes
Turn   | Place    | Note
-------+----------+-------------------------------------------
     0 | D:1      | FishyPogo the Kobold Berserker began the quest for the Orb.
     0 | D:1      | Reached XP level 1. HP: 14/14 MP: 1/1
   259 | D:1      | Reached XP level 2. HP: 19/19 MP: 2/2
   283 | D:1      | Found a faded altar of an unknown god.
  1408 | D:2      | Reached XP level 3. HP: 23/23 MP: 3/3
  1507 | D:2      | Reached skill level 5 in Short Blades
  1507 | D:2      | Reached XP level 4. HP: 23/29 MP: 4/4
  1515 | D:2      | Slain by a gnoll

Illustrated notes

Levels and vault maps discovered:
D:1:      amcnicky_arrival_choice, layout_basic,
          chequers_ecumenical_altar_simple_redux, serial_corexii_hall,
          corexii_hall_statues_i, chequers_hall_statues_wall_a
D:2:      layout_basic, minmay_misc_feat_nine_boxes

Skill      XL: |  1  2  3 |
---------------+----------+-----
Short Blades   | 5 |  5.0
Fighting       | |  3.9
Armour         | |  1.8
Dodging        | |  2.8
Stealth        | |  0.9

Action                   |  1- 3 |  4- 6 || total
-------------------------+-------+-------++-------
Melee: Short sword       |    45 |     2 ||    47
Throw: Dart              |     1 |       ||     1
Invok: Berserk           |     1 |       ||     1
  Use: Potion            |       |     1 ||     1
 Stab: Sleeping          |     7 |       ||     7
Armor: Animal skin       |     7 |       ||     7
Dodge: Dodged            |    10 |     1 ||    11
